 Dungeon Crawl Stone Soup version 0.28-a0-915-gcd63401287 (webtiles) character file.

Game seed: 8852703321058953574

73 Turgor the Vandal (level 4, 0/35 HPs)
             Began as a Formicid Hunter on Nov 25, 2021.
             Slain by a hound (2 damage)
             ... on level 2 of the Dungeon.
             The game lasted 00:10:38 (1694 turns).

Turgor the Vandal (Formicid Hunter)                 Turns: 1694, Time: 00:10:39

Health: 0/35       AC:  3    Str: 17    XL:     4   Next: 51%
Magic:  14/14      EV: 11    Int: 11    God:
Gold:   73         SH:  0    Dex: 11    Spells: 2/5 levels left

rFire   . . .      SeeInvis +   a - +1 hunting sling
rCold   . . .      Faith    .   (no shield)
rNeg    . . .      Spirit   .   c - +0 leather armour
rPois   .          Reflect  .   (helmet unavailable)
rElec   .          Harm     .   (no cloak)
rCorr   .          Rampage  .   (no gloves)
Will    +....                   (no boots)
Stlth   +.........              (no amulet)
HPRegen 0.11/turn               h - ring of magical power
MPRegen 0.14/turn               k - ring of willpower

@: no status effects
A: permanent stasis, dig shafts and tunnels, antennae 3, four strong arms
a: Dig, Shaft Self


You were on level 2 of the Dungeon.
You visited 1 branch of the dungeon, and saw 3 of its levels.

You collected 73 gold pieces.

Inventory:

Hand Weapons
 a - a +1 hunting sling (weapon)
 b - a +0 short sword
Missiles
 d - 17 sling bullets
 e - 20 poisoned darts
 f - 52 stones (quivered ammo)
Armour
 c - a +0 leather armour (worn)
 m - a +0 scale mail
Jewellery
 h - a ring of magical power (left hand)
 k - a ring of willpower (right hand)
Scrolls
 g - a scroll of silence {unknown}
 l - a scroll of amnesia {unknown}
 n - a scroll of enchant armour {unknown}
Potions
 i - a potion of degeneration {unknown}
 j - a potion of ambrosia {unknown}


   Skills:
 + Level 3.5 Fighting
 + Level 5.2 Slings
 - Level 1.7 Dodging
 - Level 1.2 Stealth
 + Level 1.0 Spellcasting
 + Level 0.1 Hexes
 + Level 0.1 Summonings


You had 2 spell levels left.
You knew the following spells:

 Your Spells              Type           Power      Damage    Failure   Level
a - Summon Guardian Gole  Hex/Summ       0%         N/A       75%         3

Your spell library contained the following spells:

 Spells                   Type           Power      Damage    Failure   Level
 Summon Small Mammal      Summ           0%         N/A       36%         1
 Static Discharge         Conj/Air       0%         N/A       52%         2
 Call Canine Familiar     Summ           0%         N/A       75%         3
 Frozen Ramparts          Ice            0%         1d2       75%         3
 Animate Armour           Summ/Erth      0%         N/A       98%         4
 Dispel Undead            Necr           0%         3d6       98%         4
 Fulminant Prism          Conj/Hex       0%         3d6       98%         4
 Ice Form                 Ice/Tmut       0%         N/A       98%         4
 Sticky Flame             Conj/Fire      0%         2d3       98%         4
 Summon Ice Beast         Ice/Summ       0%         N/A       98%         4
 Fireball                 Conj/Fire      0%         3d3       100%        5
 Statue Form              Tmut/Erth      0%         N/A       100%        6


Dungeon Overview and Level Annotations

Branches:
Dungeon (3/15)

Altars:


Innate Abilities, Weirdness & Mutations

You cannot be hasted, slowed, berserked, paralysed or teleported.
You can dig through walls and to a lower floor.
You have a pair of large antennae on your head. (SInv)
Your four strong arms can wield two-handed weapons with a shield.


Message History

Aim: a hound (heavily wounded, 50% to hit)
You shoot a stone. The stone closely misses the hound.
The hound bites you but does no damage. The hound bites you.
Fire: 58 stones
Press: ? - help, Q - select action, (/) - cycle Shift-Dir - straight line, f/p - hound
Aim: a hound (heavily wounded, 50% to hit)
You shoot a stone. The stone hits the hound!
The hound is almost dead.
The hound barely misses you.
Fire: 57 stones
Press: ? - help, Q - select action, (/) - cycle Shift-Dir - straight line, f/p - hound
Aim: a hound (almost dead, 50% to hit)
You shoot a stone. The stone closely misses the hound.
The hound closely misses you. The hound bites you.
* * * LOW HITPOINT WARNING * * *
Fire: 56 stones
Press: ? - help, Q - select action, (/) - cycle Shift-Dir - straight line, f/p - hound
Aim: a hound (almost dead, 50% to hit)
You shoot a stone. The stone hits the hound.
The hound is almost dead.
The hound misses you.
Fire: 55 stones
Press: ? - help, Q - select action, (/) - cycle Shift-Dir - straight line, f/p - hound
Aim: a hound (almost dead, 50% to hit)
You shoot a stone. The stone closely misses the hound.
The hound closely misses you. The hound bites you.
* * * LOW HITPOINT WARNING * * *
Fire: 54 stones
Press: ? - help, Q - select action, (/) - cycle Shift-Dir - straight line, f/p - hound
Aim: a hound (almost dead, 50% to hit)
You shoot a stone. The stone completely misses the hound.
The hound bites you.
* * * LOW HITPOINT WARNING * * *
Fire: 53 stones
Press: ? - help, Q - select action, (/) - cycle Shift-Dir - straight line, f/p - hound
Aim: a hound (almost dead, 50% to hit)
You shoot a stone. The stone hits the hound.
The hound is almost dead.
The hound bites you.
You die...

#######...###.##.....#
########
..)..#..#..##....#####
.......##......###
.....##...##...#
........######.####
.....#### #....#
.....# #(##.## .....#
#.h...# ...### ###@..#
....## #...# ##...###
#...# ##....# #...#
#.##.### #...#
#......## #...#
####....# #...# ######
#####


You could see a hound.

Vanquished Creatures
  Jessica (D:2)
  3 dart slugs (D:1)
  An orc (D:3)
  2 ball pythons (D:2)
  4 endoplasms
  4 goblins
  4 hobgoblins
  3 jackals (D:1)
  2 quokkas
  3 bats (D:2)
  2 frilled lizards (D:1)
  2 kobolds (D:1)
  7 rats
38 creatures vanquished.

Vanquished Creatures (others)
  2 plants (D:1)
2 creatures vanquished.

Grand Total: 40 creatures vanquished

Notes
Turn   | Place    | Note
-------+----------+-------------------------------------------
     0 | D:1      | Turgor the Formicid Hunter began the quest for the Orb.
     0 | D:1      | Reached XP level 1. HP: 16/16 MP: 1/1
   153 | D:1      | Reached XP level 2. HP: 23/23 MP: 2/2
   192 | D:1      | Found a faded altar of an unknown god.
   524 | D:1      | Reached XP level 3. HP: 29/29 MP: 3/3
   651 | D:1      | Got the Reference Book on Dusty Attacks
   746 | D:1      | Reached skill level 5 in Slings
  1272 | D:2      | Noticed Jessica
  1281 | D:2      | Killed Jessica
  1282 | D:2      | Reached XP level 4. HP: 35/35 MP: 5/5
  1361 | D:2      | Learned a level 3 spell: Summon Guardian Golem
  1396 | D:2      | Reached skill level 1 in Spellcasting
  1694 | D:2      | Slain by a hound

Illustrated notes

Levels and vault maps discovered:
D:1:      elethiomel_arrival_fortress_basement, layout_basic, serial_bayou,
          serial_bayou_pond_d, serial_bayou_lagoon_b, serial_bayou_shore_b,
          serial_bayou_ford_a, serial_bayou_crossing, serial_bayou_lake_a,
          dreamdust_ecumenical_altar_statues
D:2:      layout_rooms, uniq_jessica
D:3:      layout_rooms, nicolae_ru_great_annihilating_truth, grunt_ministairs_2

Skill      XL: |  1  2  3  4 |
---------------+-------------+-----
Fighting       | 3 |  3.5
Slings         | 5 |  5.2
Spellcasting   | 1 |  1.0
Dodging        | |  1.7
Stealth        | |  1.2
Hexes          | |  0.1
Summonings     | |  0.1

Action                   |  1- 3 |  4- 6 || total
-------------------------+-------+-------++-------
 Fire: Hunting sling     |    55 |    35 ||    90
 Abil: Dig               |     1 |       ||     1
Armor: Leather armour    |       |     5 ||     5
Dodge: Dodged            |       |    10 ||    10

Table legend: (Time is in decaauts)
 A = Elapsed time spent in this place.
 B = Non-inter-level travel time spent in this place.
 C = Inter-level travel time spent in this place.
 D = Time resting spent in this place.
 E = Time spent auto-exploring this place.
 F = Levels seen in this place.
 G = Mean time per level.
                   A        B        C        D        E       F      G
               +--------+--------+--------+--------+--------+-----+--------+
         Total |   1785 |   1734 |     51 |      0 |   1279 |   3 |  595.0 |
       Dungeon |   1785 |   1734 |     51 |      0 |   1279 |   3 |  595.0 |
               +--------+--------+--------+--------+--------+-----+--------+

Top non-repeatable levels by time:
     D:1: 1197 daAuts
     D:2: 581 daAuts
     D:3: 6 daAuts
